CRL
RALEIGH-DURHAM CAPITALS @ KINSTON EAGLES
05/04/1981
 
TOP OF THE 1ST
Raleigh-Durham Capitals batting - Pitching for Kinston Eagles : RHP Hugo Aguilar
Pitching: RHP Hugo Aguilar
Batting: RHB Luis Brito 0-0: Called Strike
0-1: Foul Ball, location: 2F
0-2: Ball
1-2: Strikes out swinging
Batting: RHB Mark Miller 0-0: Ball
1-0: SINGLE (Groundball, 6MD, EV 98.1 MPH)
Batting: LHB La Schelle Tarver 0-0: Ball
1-0: Ball
2-0: Swinging Strike
2-1: Ball
Mark Miller steals 2nd base
3-1: Called Strike
3-2: Reached on error, E1 (Groundball, 13S, EV 70.6 MPH)
Mark Miller to third
Batting: LHB Curt Ford 0-0: Ball
La Schelle Tarver steals 2nd base
1-0: Foul Ball, location: 2F
1-1: Foul Ball, location: 2F
1-2: Ball
2-2: Fly out, F3 (Popup, 23F, EV 93.1 MPH)
Batting: RHB Mike Morse 0-0: Foul Ball, location: 2F
0-1: Ball
1-1: Swinging Strike
1-2: Strikes out swinging
Top of the 1st over - 0 runs, 1 hit, 1 error, 2 left on base; Raleigh-Durham 0 - Kinston 0
BOTTOM OF THE 1ST
Kinston Eagles batting - Pitching for Raleigh-Durham Capitals : RHP Walt Terrell
Pitching: RHP Walt Terrell
Batting: SHB Manny Jose 0-0: Called Strike
0-1: Ball
1-1: Ball
2-1: Ground out 1-3 (Groundball, 13, EV 89.4 MPH)
Batting: RHB Burt Milley 0-0: Ball
1-0: Ball
2-0: Ball
3-0: Fly out, F9 (Flyball, 9, EV 85.0 MPH)
Batting: SHB Delwyn Young 0-0: Called Strike
0-1: Swinging Strike
0-2: Foul Ball, location: 2F
0-2: Ball
1-2: Ground out 4-3 (Groundball, 4MS, EV 69.4 MPH)
Bottom of the 1st over - 0 runs, 0 hits, 0 errors, 0 left on base; Raleigh-Durham 0 - Kinston 0
TOP OF THE 2ND
Raleigh-Durham Capitals batting - Pitching for Kinston Eagles : RHP Hugo Aguilar
Batting: LHB Dermot Moriarty 0-0: Called Strike
0-1: Swinging Strike
0-2: Ball
1-2: Foul Ball, location: 2F
1-2: Ball
2-2: Ball
3-2: SINGLE (Line Drive, 89M, EV 108.8 MPH)
Batting: RHB Christopher Barbone 0-0: SINGLE (Groundball, 6MD, EV 108.1 MPH)
Dermot Moriarty to second
Batting: RHB Kevin MacDonald 0-0: Ball
1-0: Foul Ball, location: 2F
1-1: Swinging Strike
1-2: Ball
2-2: SINGLE (Groundball, 6M, EV 108.1 MPH) (infield hit)
Dermot Moriarty to third
Christopher Barbone to second
Batting: LHB Richard Kelly 0-0: Foul Ball, location: 2F
0-1: Foul Ball, location: 2F
0-2: Ball
1-2: Strikes out looking
Batting: RHB Luis Brito 0-0: Called Strike
0-1: Called Strike
0-2: Ball
1-2: Strikes out swinging
Batting: RHB Mark Miller 0-0: Ball
1-0: Ball
2-0: Ball
3-0: Called Strike
3-1: Base on Balls
Dermot Moriarty scores
Christopher Barbone to third
Kevin MacDonald to second
Batting: LHB La Schelle Tarver 0-0: Called Strike
0-1: Foul Ball, location: 2F
0-2: SINGLE (Line Drive, 4D, EV 97.5 MPH)
Christopher Barbone scores
Kevin MacDonald to third
Mark Miller to second
Runner from 3rd tries for Home, SAFE, no throw by RF
Batting: LHB Curt Ford 0-0: Swinging Strike
0-1: Called Strike
0-2: Ball
1-2: Strikes out swinging
Top of the 2nd over - 3 runs, 4 hits, 0 errors, 2 left on base; Raleigh-Durham 3 - Kinston 0
BOTTOM OF THE 2ND
Kinston Eagles batting - Pitching for Raleigh-Durham Capitals : RHP Walt Terrell
Batting: LHB Jose Gomez 0-0: Ball
1-0: Ball
2-0: Swinging Strike
2-1: Foul Ball, location: 2F
2-2: Ball
3-2: Strikes out swinging
Batting: SHB Cordie Dillard 0-0: Ground out 4-3 (Groundball, 4, EV 101.3 MPH)
Batting: LHB Roberto Pacheco 0-0: Fly out, F8 (Flyball, 8RD, EV 83.8 MPH)
Bottom of the 2nd over - 0 runs, 0 hits, 0 errors, 0 left on base; Raleigh-Durham 3 - Kinston 0
TOP OF THE 3RD
Raleigh-Durham Capitals batting - Pitching for Kinston Eagles : RHP Hugo Aguilar
Batting: RHB Mike Morse 0-0: Called Strike
0-1: Foul Ball, location: 2F
0-2: Ball
1-2: Ball
2-2: Ball
3-2: Strikes out swinging
Batting: LHB Dermot Moriarty 0-0: Ball
1-0: Ball
2-0: SINGLE (Groundball, 34D, EV 103.1 MPH)
Batting: RHB Christopher Barbone 0-0: Swinging Strike
0-1: Grounds into double play, 6-4-3 (Groundball, 6, EV 88.1 MPH)
Top of the 3rd over - 0 runs, 1 hit, 0 errors, 0 left on base; Raleigh-Durham 3 - Kinston 0
BOTTOM OF THE 3RD
Kinston Eagles batting - Pitching for Raleigh-Durham Capitals : RHP Walt Terrell
Batting: LHB Daniel Shanahan 0-0: Called Strike
0-1: Ground out 4-3 (Groundball, 4, EV 86.3 MPH)
Batting: SHB Manuel DelRosario 0-0: Called Strike
0-1: Foul Ball, location: 2F
0-2: Ground out 4-3 (Groundball, 4, EV 88.8 MPH)
Batting: RHB Steven Stieb 0-0: Called Strike
0-1: SINGLE (Groundball, 6MD, EV 103.8 MPH)
Batting: SHB Manny Jose 0-0: Ball
1-0: Fielders Choice at 2nd, 5-4 (Groundball, 56, EV 88.8 MPH)
Bottom of the 3rd over - 0 runs, 1 hit, 0 errors, 1 left on base; Raleigh-Durham 3 - Kinston 0
TOP OF THE 4TH
Raleigh-Durham Capitals batting - Pitching for Kinston Eagles : RHP Hugo Aguilar
Batting: RHB Kevin MacDonald 0-0: Ground out 5-3 (Groundball, 56, EV 82.5 MPH)
Batting: LHB Richard Kelly 0-0: Swinging Strike
0-1: Fly out, F8 (Line Drive, 8LD, EV 106.3 MPH)
Batting: RHB Luis Brito 0-0: Ball
1-0: Fly out, F9 (Flyball, 9, EV 98.1 MPH)
Top of the 4th over - 0 runs, 0 hits, 0 errors, 0 left on base; Raleigh-Durham 3 - Kinston 0
BOTTOM OF THE 4TH
Kinston Eagles batting - Pitching for Raleigh-Durham Capitals : RHP Walt Terrell
Batting: RHB Burt Milley 0-0: Ground out 6-3 (Groundball, 4M, EV 92.5 MPH)
Batting: SHB Delwyn Young 0-0: Ball
1-0: Ball
2-0: Ball
3-0: Called Strike
3-1: SINGLE (Line Drive, 6MD, EV 99.4 MPH)
Batting: LHB Jose Gomez 0-0: Swinging Strike
0-1: Foul Ball, location: 2F
0-2: Ball
1-2: Foul Ball, location: 2F
1-2: Foul Ball, location: 2F
1-2: Ball
2-2: Ball
3-2: 2-RUN HOME RUN (Flyball, 9D, EV 96.9 MPH), Distance : 372 ft
Batting: SHB Cordie Dillard 0-0: Called Strike
0-1: Ball
1-1: Foul Ball, location: 2F
1-2: Fly out, F8 (Flyball, 8LXD, EV 91.9 MPH)
Batting: LHB Roberto Pacheco 0-0: Foul Ball, location: 2F
0-1: Ball
1-1: Foul Ball, location: 2F
1-2: Ball
2-2: Foul Ball, location: 2F
2-2: Fly out, F8 (Flyball, 8RXD, EV 87.5 MPH)
Bottom of the 4th over - 2 runs, 2 hits, 0 errors, 0 left on base; Raleigh-Durham 3 - Kinston 2
TOP OF THE 5TH
Raleigh-Durham Capitals batting - Pitching for Kinston Eagles : RHP Hugo Aguilar
Batting: RHB Mark Miller 0-0: Ball
1-0: Ball
2-0: Foul Ball, location: 2F
2-1: Foul Ball, location: 2F
2-2: Fly out, F8 (Flyball, 89D, EV 99.4 MPH)
Batting: LHB La Schelle Tarver 0-0: Ball
1-0: Fly out, F6 (Popup, 56, EV 63.8 MPH)
Batting: LHB Curt Ford 0-0: Ball
1-0: Ball
2-0: Called Strike
2-1: Ball
3-1: Fly out, F7 (Flyball, 7LS, EV 89.4 MPH)
Top of the 5th over - 0 runs, 0 hits, 0 errors, 0 left on base; Raleigh-Durham 3 - Kinston 2
BOTTOM OF THE 5TH
Kinston Eagles batting - Pitching for Raleigh-Durham Capitals : RHP Walt Terrell
Batting: LHB Daniel Shanahan 0-0: Ball
1-0: Ball
2-0: Fly out, F7 (Flyball, 78S, EV 79.4 MPH)
Batting: SHB Manuel DelRosario 0-0: Ball
1-0: Swinging Strike
1-1: Ball
2-1: Swinging Strike
2-2: Ball
3-2: Foul Ball, location: 2F
3-2: Strikes out looking
Batting: RHB Steven Stieb 0-0: Swinging Strike
0-1: DOUBLE (Line Drive, 89XD, EV 108.8 MPH) - OUT at third base trying to stretch hit.
Bottom of the 5th over - 0 runs, 1 hit, 0 errors, 0 left on base; Raleigh-Durham 3 - Kinston 2
TOP OF THE 6TH
Raleigh-Durham Capitals batting - Pitching for Kinston Eagles : RHP Hugo Aguilar
Batting: RHB Mike Morse 0-0: Foul Ball, location: 2F
0-1: Ball
1-1: SINGLE (Groundball, 4MD, EV 97.5 MPH)
Batting: LHB Dermot Moriarty 0-0: Swinging Strike
Mike Morse is caught stealing 2nd base 2-6
0-1: Ball
1-1: Ball
2-1: Ball
3-1: Base on Balls
Batting: RHB Christopher Barbone 0-0: Foul Ball, location: 2F
0-1: Foul Ball, location: 2F
0-2: Ball
1-2: Ball
2-2: Foul Ball, location: 2F
2-2: Ball
3-2: Foul Ball, location: 2F
3-2: Fly out, F7 (Flyball, 7D, EV 98.1 MPH)
Batting: RHB Kevin MacDonald 0-0: Fielders Choice at 2nd, 6-4 (Groundball, 6, EV 80.6 MPH)
Top of the 6th over - 0 runs, 1 hit, 0 errors, 1 left on base; Raleigh-Durham 3 - Kinston 2
BOTTOM OF THE 6TH
Kinston Eagles batting - Pitching for Raleigh-Durham Capitals : RHP Walt Terrell
Batting: SHB Manny Jose 0-0: Ball
1-0: Ball
2-0: Ball
3-0: Base on Balls
Batting: RHB Burt Milley 0-0: Ball
1-0: Bunt missed!
1-1: Sac Bunt to P - play at first, batter OUT! 1-4
Manny Jose to second
Batting: SHB Delwyn Young 0-0: Ball
1-0: Foul Ball, location: 2F
1-1: Swinging Strike
1-2: Foul Ball, location: 2F
1-2: Ball
2-2: Ground out 6-3 (Groundball, 6S, EV 78.8 MPH)
Manny Jose to third
Batting: LHB Jose Gomez 0-0: Ball
1-0: Ball
2-0: Called Strike
2-1: Swinging Strike
2-2: Ball
3-2: Base on Balls
Batting: SHB Cordie Dillard 0-0: Ball
1-0: SINGLE (Groundball, 6D, EV 104.4 MPH)
Manny Jose scores
Jose Gomez to second
Batting: LHB Roberto Pacheco 0-0: Ball
1-0: Called Strike
1-1: Fly out, F8 (Flyball, 8RD, EV 96.9 MPH)
Bottom of the 6th over - 1 run, 1 hit, 0 errors, 2 left on base; Raleigh-Durham 3 - Kinston 3
TOP OF THE 7TH
Raleigh-Durham Capitals batting - Pitching for Kinston Eagles : RHP Hugo Aguilar
Batting: LHB Richard Kelly 0-0: Called Strike
0-1: Ball
1-1: Foul Ball, location: 2F
1-2: Foul Ball, location: 2F
1-2: Foul Ball, location: 2F
1-2: Fly out, F8 (Flyball, 89D, EV 98.1 MPH)
Batting: RHB Luis Brito 0-0: Foul Ball, location: 2F
0-1: Ball
1-1: Foul Ball, location: 2F
1-2: Strikes out swinging
Batting: RHB Mark Miller 0-0: Fly out, F2 (Popup, 3SF, EV 90.0 MPH)
Top of the 7th over - 0 runs, 0 hits, 0 errors, 0 left on base; Raleigh-Durham 3 - Kinston 3
BOTTOM OF THE 7TH
Kinston Eagles batting - Pitching for Raleigh-Durham Capitals : RHP Walt Terrell
Batting: LHB Daniel Shanahan 0-0: Foul Ball, location: 2F
0-1: Foul Ball, location: 2F
0-2: Ball
1-2: SINGLE (Line Drive, 7LS, EV 106.3 MPH)
Batting: SHB Manuel DelRosario 0-0: Sac Bunt to 13S - play at first, batter OUT! 1-3
Daniel Shanahan to second
Batting: RHB Steven Stieb 0-0: Called Strike
0-1: Foul Ball, location: 2F
0-2: Ball
1-2: Ball
2-2: Ground out 5-3 (Groundball, 56, EV 85.6 MPH)
Batting: SHB Manny Jose 0-0: Ball
1-0: Ball
2-0: Ball
3-0: Base on Balls
Batting: RHB Burt Milley 0-0: Ground out 4-3 (Groundball, 4, EV 88.8 MPH)
Bottom of the 7th over - 0 runs, 1 hit, 0 errors, 2 left on base; Raleigh-Durham 3 - Kinston 3
TOP OF THE 8TH
Raleigh-Durham Capitals batting - Pitching for Kinston Eagles : RHP Hugo Aguilar
Batting: LHB La Schelle Tarver 0-0: Called Strike
0-1: Foul Ball, location: 2F
0-2: Ball
1-2: SINGLE (Groundball, 34D, EV 97.5 MPH)
Batting: LHB Curt Ford 0-0: Ball
1-0: SINGLE (Groundball, 34S, EV 65.0 MPH) (infield hit)
La Schelle Tarver to second
Batting: RHB Mike Morse 0-0: Called Strike
0-1: Ball
1-1: Swinging Strike
1-2: Foul Ball, location: 2F
1-2: Ball
2-2: DOUBLE (Flyball, 8RXD, EV 107.5 MPH)
La Schelle Tarver scores
Curt Ford to third
Batting: LHB Dermot Moriarty 0-0: Intentional Walk
Batting: RHB Christopher Barbone 0-0: Ball
1-0: Swinging Strike
1-1: Foul Ball, location: 2F
1-2: Fly out, F7 (Flyball, 7LD, EV 89.4 MPH)
Runner from 3rd tags up, SCORES, no throw by LF
Pitching: LHP Armand Abreu
Batting: RHB Kevin MacDonald 0-0: Ball
1-0: Foul Ball, location: 2F
1-1: Ball
2-1: Called Strike
2-2: Ball
3-2: Foul Ball, location: 2F
3-2: Foul Ball, location: 2F
3-2: Foul Ball, location: 2F
3-2: Fly out, F9 (Flyball, 9LM, EV 103.8 MPH)
Runner from 2nd tags up, SAFE at 3rd, no throw by RF
Batting: LHB Richard Kelly 0-0: Swinging Strike
0-1: Ball
Wild Pitch!
Mike Morse scores
Dermot Moriarty to second
1-1: Reached on error, E4 (Groundball, 34, EV 100.0 MPH)
Dermot Moriarty to third
Batting: RHB Luis Brito 0-0: Called Strike
0-1: Ball
1-1: SINGLE (Groundball, 4MD, EV 107.5 MPH)
Dermot Moriarty scores
Richard Kelly to second
Runner from 2nd tries for 3rd, SAFE, no throw by CF
Batting: RHB Mark Miller 0-0: Foul Ball, location: 2F
0-1: Swinging Strike
0-2: Strikes out looking
Top of the 8th over - 4 runs, 4 hits, 1 error, 2 left on base; Raleigh-Durham 7 - Kinston 3
BOTTOM OF THE 8TH
Kinston Eagles batting - Pitching for Raleigh-Durham Capitals : RHP Walt Terrell
Batting: SHB Delwyn Young 0-0: Fly out, F7 (Line Drive, 7D, EV 98.1 MPH)
Batting: LHB Jose Gomez 0-0: Called Strike
0-1: Ball
1-1: Ground out 5-3 (Groundball, 5, EV 93.1 MPH)
Batting: SHB Cordie Dillard 0-0: Called Strike
0-1: Called Strike
0-2: Foul Ball, location: 2F
0-2: Ball
1-2: Ground out U3 (Groundball, 3, EV 77.5 MPH)
Bottom of the 8th over - 0 runs, 0 hits, 0 errors, 0 left on base; Raleigh-Durham 7 - Kinston 3
TOP OF THE 9TH
Raleigh-Durham Capitals batting - Pitching for Kinston Eagles : LHP Armand Abreu
Batting: LHB La Schelle Tarver 0-0: Ball
1-0: Ball
2-0: Swinging Strike
2-1: Ground out 6-3 (Groundball, 6, EV 104.4 MPH)
Batting: LHB Curt Ford 0-0: Called Strike
0-1: Foul Ball, location: 2F
0-2: Ball
1-2: Ground out 5-3 (Groundball, 56, EV 109.4 MPH)
Batting: RHB Mike Morse 0-0: Foul Ball, location: 2F
0-1: Called Strike
0-2: Ball
1-2: Ball
2-2: Strikes out swinging
Top of the 9th over - 0 runs, 0 hits, 0 errors, 0 left on base; Raleigh-Durham 7 - Kinston 3
BOTTOM OF THE 9TH
Kinston Eagles batting - Pitching for Raleigh-Durham Capitals : RHP Walt Terrell
Pitching: LHP Richard Baca
Batting: LHB Roberto Pacheco 0-0: Fly out, F9 (Flyball, 89S, EV 72.5 MPH)
Batting: LHB Daniel Shanahan 0-0: Ball
1-0: SINGLE (Flyball, 3D, EV 89.4 MPH)
Batting: SHB Manuel DelRosario 0-0: Grounds into double play, 4-6-3 (Groundball, 4, EV 101.3 MPH)
Bottom of the 9th over - 0 runs, 1 hit, 0 errors, 0 left on base; Raleigh-Durham 7 - Kinston 3
Sunday, June 21st, 2020 - OOTP Baseball 21.4 Build 63